 Dungeon Crawl Stone Soup version 0.30.0-29-ga12c61a403 (webtiles) character file.

Game seed: 13454119262978110537

94 ChadusMaximus the Trooper (level 4, -8/41 HPs)
             Began as a Minotaur Fighter on June 12, 2023.
             Mangled by an iguana (10 damage)
             ... on level 2 of the Dungeon.
             The game lasted 00:01:07 (1155 turns).

ChadusMaximus the Trooper (Minotaur Fighter)        Turns: 1155, Time: 00:01:08

Health: -8/41      AC:  7    Str: 22    XL:     4   Next: 38%
Magic:  3/3        EV:  8    Int:  5    God:
Gold:   77         SH:  8    Dex: 10    Spells: 3/3 levels left

rFire   . . .        a - +0 war axe
rCold   . . .        i - +0 kite shield
rNeg    . . .        b - +0 scale mail
rPois   +            (helmet restricted)
rElec   .            (no cloak)
rCorr   .            (no gloves)
SInv    .            (no boots)
Will    .....        (no amulet) Stlth
                     j - ring of poison resistance
HPRegen 0.26/turn    (no ring)
MPRegen 0.08/turn

%: no passive effects
@: no status effects
A: horns 2, retaliatory headbutt
a: no special abilities


You were on level 2 of the Dungeon.
You visited 1 branch of the dungeon, and saw 2 of its levels.

You collected 77 gold pieces.

Inventory:

Hand Weapons
 a - a +0 war axe (weapon)
Armour
 b - a +0 scale mail (worn)
 c - a +0 buckler
 i - a +0 kite shield (worn)
Jewellery
 j - a ring of poison resistance (left hand)
Scrolls
 f - a scroll of enchant weapon {unknown}
 k - a scroll of enchant armour {unknown}
 l - a scroll of teleportation {unknown}
 m - a scroll of identify {unknown}
Potions
 d - 2 potions of might
 e - 2 potions of lignification {unknown}
 g - 2 potions of degeneration {unknown}
 h - a potion of brilliance {unknown}
 n - a potion of ambrosia {unknown}
 o - a potion of curing {unknown}


   Skills:
 + Level 4.3 Fighting
 * Level 4.0 Axes
 + Level 4.3 Armour
 + Level 4.2 Shields


You had 3 spell levels left.
You didn't know any spells.
Your spell library was empty.

Dungeon Overview and Level Annotations

Branches:
Dungeon (2/15)

Altars:


Innate Abilities, Weirdness & Mutations

You have a pair of horns on your head.
You reflexively headbutt those who attack you in melee.


Message History

You kill the goblin!
Things that are here:
a +0 club; a ball python corpse
Found a stone staircase leading down.
No target in view!
There is a stone staircase leading down here.
An iguana comes into view.
The iguana hisses angrily.
An iguana is nearby!
The iguana bites you!
An iguana is nearby!
You barely miss the iguana. You block the iguana's attack.
The iguana bites you.
You slash the iguana!
The iguana is heavily wounded.
The iguana bites you!
An iguana is nearby!
You hit the iguana but do no damage.
The iguana is heavily wounded.
You block the iguana's attack.
An iguana is nearby!
An iguana is nearby!
You hit the iguana but do no damage.
The iguana is heavily wounded.
The iguana bites you. The iguana barely misses you.
An iguana is nearby!
You are too injured to fight recklessly!
You closely miss the iguana.
The iguana is heavily wounded.
The iguana bites you!
* * * LOW HITPOINT WARNING * * *
You closely miss the iguana.
The iguana is heavily wounded.
The iguana bites you but does no damage.
The iguana bites you.
* * * LOW HITPOINT WARNING * * *
You hit the iguana. Your headbutt misses the iguana.
The iguana is heavily wounded.
The iguana bites you!
You die...

########..........
#.....#...........
#..............###
#......#.......#
##.....##.......###
#...>...........)..
#.#################
#.########
#.@l......
##########


You could see an iguana.

Vanquished Creatures
  4 adders (D:2)
  2 worms (D:2)
  A dart slug (D:2)
  6 ball pythons
  2 bats (D:2)
  4 endoplasms (D:1)
  8 goblins
  5 hobgoblins
  3 jackals (D:1)
  5 kobolds
  2 quokkas
  A frilled lizard (D:2)
  3 rats
46 creatures vanquished.

Notes
Turn   | Place    | Note
-------+----------+-------------------------------------------
     0 | D:1      | ChadusMaximus the Minotaur Fighter began the quest for the
                  | Orb.
     0 | D:1      | Reached XP level 1. HP: 19/19 MP: 0/0
   114 | D:1      | Found a faded altar of an unknown god.
   203 | D:1      | Reached XP level 2. HP: 27/27 MP: 1/1
   659 | D:2      | Reached XP level 3. HP: 29/33 MP: 2/2
   896 | D:2      | Reached XP level 4. HP: 40/40 MP: 3/3
  1154 | D:2      | HP: 2/41 [iguana (6)]
  1155 | D:2      | Mangled by an iguana

Illustrated notes

Levels and vault maps discovered:
D:1:      lemuel_arrival_broad_hall, layout_basic,
          shapermc_ecumenical_altar_pompeii, minmay_stone_trees_medium
D:2:      layout_basic

Skill      XL: |  1  2  3  4 |
---------------+-------------+-----
Axes           | 3 4 |  4.0
Fighting       | 4 |  4.3
Armour         | 4 |  4.3
Shields        | 4 |  4.2

Action                     |  1- 3 |  4- 6 || total
---------------------------+-------+-------++-------
  Melee: War axe           |    69 |    42 ||   111
         Headbutt          |    12 |     6 ||    18
 Armour: Scale mail        |    28 |    18 ||    46
  Dodge: Dodged            |    31 |    15 ||    46
  Block: Buckler           |     6 |       ||     6
         Kite shield       |    18 |    21 ||    39
